 Dungeon Crawl Stone Soup version 0.18.1-48-g4cf74bf (webtiles) character file.

326 sdOOK the Magician (level 6, -8/34 HPs)
             Began as a High Elf Enchanter on Aug 25, 2016.
             Killed by nerve-wracking pain
             ... invoked by a shadow imp
              (9 damage)
             ... on level 5 of the Dungeon.
             The game lasted 00:37:02 (4121 turns).

sdOOK the Magician (High Elf Enchanter)             Turns: 4121, Time: 00:37:05

Health: -8/34      AC:  3    Str:  8    XL:     6   Next: 24%
Magic:  11/13      EV: 13    Int: 20    God:
Gold:   142        SH:  0    Dex: 12    Spells: 5 memorised, 2 levels left

rFire  . . .     SeeInvis .     j - +6 short sword
rCold  . . .     Gourm    .     b - +1 robe
rNeg   . . .     Faith    .     (no shield)
rPois  +         Spirit   .     (no helmet)
rElec  .         Dismiss  .     (no cloak)
rCorr  .         Reflect  .     (no gloves)
SustAt .         Harm     .     (no boots)
MR     .....     Clarity  +     (no amulet)
Stlth  ++........               (no ring)
                                d - ring of poison resistance

@: not resistant to hostile enchantments, unstealthy
A: clarity, clumsy 2, frail 1, evolution 1, subdued magic 1
a: no special abilities


You were on level 5 of the Dungeon.
You were not hungry.

You visited 1 branch of the dungeon, and saw 5 of its levels.

You collected 142 gold pieces.

Inventory:

Hand Weapons
 a - a +2 dagger
 j - a +6 short sword (weapon)
Armour
 b - a +1 robe (worn)
 e - a +1 leather armour
 h - a +0 helmet
Jewellery
 d - a ring of poison resistance (left hand)
Wands
 t - a wand of iceblast (8/15)
Scrolls
 m - a scroll of fog
Potions
 i - a potion of ambrosia
 o - a potion of magic
 r - a potion of flight
Books
 c - a book of Maledictions

   Spells                             Type                      Level
   a - Corona                         Hexes                        1
   b - Ensorcelled Hibernation        Hexes/Ice                    2
   c - Confuse                        Hexes                        3
   d - Tukima's Dance                 Hexes                        3
   e - Dazzling Spray                 Conjuration/Hexes            3
 g - a book of Frost

   Spells                             Type                      Level
   a - Freeze                         Ice                          1
   b - Throw Frost                    Conjuration/Ice              2
   c - Ozocubu's Armour               Charms/Ice                   3
   d - Throw Icicle                   Conjuration/Ice              4
   e - Summon Ice Beast               Ice/Summoning                4
Comestibles
 f - a chunk of flesh
 k - a bread ration
 n - 7 fruits
 q - a beef jerky


   Skills:
 + Level 1.1 Fighting
 + Level 2.9 Short Blades
 + Level 1.4 Armour
 + Level 3.4 Dodging
 + Level 4.0 Stealth
 + Level 4.2 Spellcasting
 + Level 4.0 Hexes
 + Level 0.8 Ice Magic


You had 2 spell levels left.
You knew the following spells:

 Your Spells              Type           Power        Failure   Level  Hunger
a - Corona                Hex            ###....      1%          1    None
b - Ensorcelled Hibernat  Hex/Ice        ##....       8%          2    #......
c - Tukima's Dance        Hex            ###.....     8%          3    ###....
d - Freeze                Ice            #...         10%         1    None
e - Summon Ice Beast      Ice/Summ       #.......     93%         4    ####...


Dungeon Overview and Level Annotations

Branches:
Dungeon (5/15)
 Temple: D:4-7

Altars:
Fedhas
Pakellas


Innate Abilities, Weirdness & Mutations

You possess an exceptional clarity of mind.
You are very clumsy. (Dex -4)
You are frail (-10% HP).
You evolve.
Your spells are a little easier to cast, but a little less powerful.


Message History

You climb downwards.
A crimson imp and a shadow imp come into view.
The crimson imp shouts!
Found 7 tomahawks.
Found an escape hatch in the floor.
There is a stone staircase leading up here.
The slave hits you.
* * * LOW HITPOINT WARNING * * *
The slave misses you.
Casting: Freeze
Confirm with . or Enter, or press ? or * to list all spells.
Aiming: Freeze
Press: ? - help, Shift-Dir - straight line, f - slave
Aim: a slave, wearing an animal skin (heavily wounded)
You freeze the slave.
The slave is heavily wounded.
The slave hits you.
* * * LOW HITPOINT WARNING * * *
The shadow imp gestures at you. Pain shoots through your body!
You die...

.#.......... .
..........#
.##.5......(#
.........>.# .
##.........#
...#..........#
.......p......#
#..p@..5..#
###########


You could see 2 slaves, a crimson imp and a shadow imp.

Vanquished Creatures
  The ghost of Yanek the Digger, an amateur GrEE (D:3)
  A hound (D:3)
  An orc priest (D:4)
  An orc wizard (D:4)
  A gnoll (D:1)
  5 adders
  An ooze (D:3)
  2 worms (D:2)
  A dart slug (D:1)
  A giant gecko (D:4)
  6 orcs
  6 bats
  4 giant cockroaches
  8 goblins
  6 hobgoblins
  9 jackals
  5 giant newts
  11 kobolds
  5 rats
75 creatures vanquished.

Vanquished Creatures (collateral kills)
  An orc wizard (D:3)
  A kobold (D:2)
2 creatures vanquished.

Vanquished Creatures (others)
  A dancing weapon (D:4)
1 creature vanquished.

Grand Total: 78 creatures vanquished

Notes
Turn   | Place    | Note
--------------------------------------------------------------
     0 | D:1      | sdOOK the High Elf Enchanter began the quest for the Orb.
     0 | D:1      | Reached XP level 1. HP: 11/11 MP: 4/4
   428 | D:1      | Reached XP level 2. HP: 15/17 MP: 4/6
   931 | D:1      | Reached XP level 3. HP: 21/21 MP: 5/7
  1092 | D:1      | Learned a level 2 spell: Ensorcelled Hibernation
  1096 | D:1      | Learned a level 3 spell: Tukima's Dance
  1980 | D:2      | Found an oddly glowing altar of Pakellas.
  2071 | D:2      | Learned a level 1 spell: Freeze
  2196 | D:2      | Reached XP level 4. HP: 27/27 MP: 7/9
  2326 | D:3      | Found a blossoming altar of Fedhas.
  2488 | D:3      | Gained mutation: Your spells are a little easier to cast, but a little less powerful. [potion of mutation]
  2488 | D:3      | Gained mutation: You are clumsy. (Dex -2) [potion of mutation]
  2488 | D:3      | Gained mutation: You are frail (-10% HP). [potion of mutation]
  2552 | D:3      | Reached XP level 5. HP: 24/28 MP: 1/10
  2868 | D:3      | Reached skill level 1 in Armour
  2946 | D:3      | Noticed Yanek's ghost (amateur GrEE)
  2965 | D:3      | Killed Yanek's ghost
  2965 | D:3      | Reached skill level 1 in Fighting
  3674 | D:4      | Learned a level 4 spell: Summon Ice Beast
  3750 | D:4      | Reached XP level 6. HP: 28/34 MP: 6/13
  4045 | D:4      | Gained mutation: You possess an exceptional clarity of mind. [potion of mutation]
  4045 | D:4      | Gained mutation: You are very clumsy. (Dex -4) [potion of mutation]
  4045 | D:4      | Gained mutation: You evolve. [potion of mutation]
  4055 | D:4      | Noticed a slave
  4058 | D:4      | Noticed a slave
  4065 | D:4      | Noticed a slave
  4119 | D:5      | Entered Level 5 of the Dungeon
  4121 | D:5      | HP: 1/34 [slave[Pikel] (4)]
  4121 | D:5      | Killed from afar by a shadow imp

Skill      XL: |  1  2  3  4  5 |
---------------+----------------+-----
Short Blades   | 2 |  2.9
Dodging        | 3 |  3.4
Spellcasting   | 3 4 |  4.2
Armour         | 1 |  1.4
Fighting       | 1 |  1.1
Hexes          | 4 |  4.0
Stealth        | 4 |  4.0
Ice Magic      | |  0.8

Action                   |  1- 3 |  4- 6 || total
-------------------------+-------+-------++-------
Melee: Dagger            |    79 |       ||    79
       Short sword       |    32 |   113 ||   145
 Cast: Corona            |    23 |     8 ||    31
       Ensorcelled Hiber |     6 |     7 ||    13
       Tukima's Dance    |     3 |     7 ||    10
       Freeze            |       |    30 ||    30
  Use: Scroll            |     6 |     4 ||    10
       Potion            |     1 |     8 ||     9
 Stab: Sleeping          |     3 |     3 ||     6
  Eat: Chunk             |     1 |     7 ||     8
       Bread ration      |     1 |       ||     1
Armor: Robe              |    20 |     9 ||    29
       Leather armour    |     8 |    20 ||    28
Dodge: Dodged            |    65 |    86 ||   151
